 Dungeon Sprint DCSS version 0.31-a0-920-g28cbb04a8c (webtiles) character file.

Game seed: 5645414118958410371

9 sircluck the Ruffian (level 2, -1/31 HPs)
             Began as a Troll Berserker on Oct 17, 2023.
             Was a Believer of Trog.
             Slain by an ufetubus (2 damage)
             ... in the Dungeon (Sprint VII: "The Pits").
             The game lasted 00:00:17 (107 turns).

sircluck the Ruffian (Troll Berserker)               Turns: 107, Time: 00:00:18

Health: -1/31      AC:  4    Str: 24    XL:     2   Next: 6%
Magic:  1/1        EV: 10    Int:  3    God:    Trog [**....]
Gold:   0          SH:  0    Dex:  9    Spells: 1/1 levels left

rFire   . .          .
                       - Unarmed
rCold   . . .        (no shield)
rNeg    . . .        a - +0 animal skin
rPois   .            (helmet restricted)
rElec   .            (no cloak)
rCorr   .            (gloves unavailable)
SInv    .            (boots unavailable)
Will    .....        (no amulet)
Stlth   +            (no ring)
HPRegen 1.05/turn    (no ring)
MPRegen 0.07/turn

%: no teleportation
@: lethally poisoned (-1 -> -2)
A: large, unfitting armour, claws 3, regeneration 1, shaggy fur 1, tough skin 1
a: Renounce Religion, Berserk, Trog's Hand


You were in the Dungeon.
You worshipped Trog.
Trog was pleased with you.
You visited 1 branch

Inventory:

Missiles
 k - 10 stones
Armour
 a - a +0 animal skin (worn)
Scrolls
 g - a scroll of blinking
 i - 2 scrolls of vulnerability
 j - a scroll of summoning
Potions
 b - a potion of curing
 c - a potion of heal wounds
 d - a potion of haste
 e - 4 potions of magic
 f - 3 potions of berserk rage
 h - 2 potions of invisibility


   Skills:
 + Level 3.1 Fighting
 + Level 0.1 Throwing
 + Level 3.1 Dodging
 + Level 3.8 Unarmed Combat


You had one spell level left.
You didn't know any spells.
Your spell library was empty.

Dungeon Overview and Level Annotations

Branches:
Dungeon (1/1)

Altars:
Ashenzari
Cheibriados
Dithmenos
Elyvilon
Fedhas
Gozag
Hepliaklqana
Kikubaaqudgha
Makhleb
Nemelex Xobeh
Okawaru
Qazlal
Ru
Sif Muna
Trog
Uskayaw
Vehumet
Wu Jian
Xom
Yredelemnul
Zin
The Shining One
Jiyva
Lugonu


Innate Abilities, Weirdness & Mutations

You are too large for most types of armour.
You have claws for hands.
Your natural rate of healing is unusually fast.
You are covered in fur. (AC +1)
You have tough skin. (AC +1)


Message History

You are more poisoned.
The adder poisons you! The ufetubus hits you.
The ufetubus hits you but does no damage.
You can move again.
You scratch the floating eye but do no damage.
You feel sick. The ball python bites you.
The adder bites you but does no damage. The ufetubus misses you.
The ufetubus hits you. The ball python barely misses you.
Unknown command.
You claw the floating eye!
The floating eye is heavily wounded.
You feel sick. The ufetubus hits you.
The ufetubus hits you but does no damage.
The adder bites you.
* * * LOW HITPOINT WARNING * * *
The floating eye's view fixates on you.
The ball python bites you but does no damage.
The ufetubus hits you but does no damage.
The ufetubus hits you.
* * * LOW HITPOINT WARNING * * *
The adder bites you.
* * * LOW HITPOINT WARNING * * *
Unknown command.
You feel sick.
The ufetubus hits you but does no damage.
The ufetubus barely misses you.
The floating eye gazes piercingly through you!
You shrug off the repeated paralysis!
You barely miss the ufetubus.
You feel sick. The ufetubus slips past you! The ufetubus hits you.
* * * LOW HITPOINT WARNING * * *
The ufetubus closely misses you.
Unknown command.
Unknown command.
You claw the ufetubus!
The ufetubus is almost dead.
You feel sick. The ufetubus hits you.
* * * LOW HITPOINT WARNING * * *
The ufetubus hits you.
You die...

#.?..')))'.##......#..#
##########.##..........
#...........'..........
+#####'#####......#..#
#.....# #..........
#.....# ####'#####+
###'### #.......#
#.....# #.......#
#...@5# #.......#
####S## #...<...#
#..SG....##.......#
#........##.......#
###########.......#
#########


You could see a floating eye, an adder, an ufetubus and a ball python.

Vanquished Creatures
  An ufetubus (D)
  An endoplasm (D)
  A hobgoblin (D)
  A ball python skeleton (D)
  A quokka skeleton (D)
5 creatures vanquished.

Notes
Turn   | Place    | Note
-------+----------+-------------------------------------------
     0 | D        | sircluck the Troll Berserker began the quest for the Orb.
     0 | D        | Reached XP level 1. HP: 22/22 MP: 0/0
    22 | D        | Found a bloodstained altar of Trog.
    22 | D        | Found a shimmering blue altar of Sif Muna.
    22 | D        | Found a viscous altar of Jiyva.
    22 | D        | Found a hazy altar of Hepliaklqana.
    22 | D        | Found an opulent altar of Gozag.
    23 | D        | Found a glowing golden altar of the Shining One.
    23 | D        | Found a glowing silver altar of Zin.
    23 | D        | Found a basalt altar of Yredelemnul.
    23 | D        | Found a shimmering altar of Xom.
    23 | D        | Found an ornate altar of the Wu Jian Council.
    23 | D        | Found a sacrificial altar of Ru.
    23 | D        | Found a stormy altar of Qazlal.
    23 | D        | Found an iron altar of Okawaru.
    23 | D        | Found a sparkling altar of Nemelex Xobeh.
    23 | D        | Found a burning altar of Makhleb.
    23 | D        | Found a blossoming altar of Fedhas.
    23 | D        | Found a white marble altar of Elyvilon.
    23 | D        | Found a shadowy altar of Dithmenos.
    23 | D        | Found a snail-covered altar of Cheibriados.
    27 | D        | Found a corrupted altar of Lugonu.
    27 | D        | Found a radiant altar of Vehumet.
    28 | D        | Found a broken altar of Ashenzari.
    28 | D        | Found an ancient bone altar of Kikubaaqudgha.
    28 | D        | Found a hide-covered altar of Uskayaw.
    67 | D        | Reached ** piety under Trog
    94 | D        | Reached XP level 2. HP: 31/31 MP: 1/1
    99 | D        | Noticed a floating eye
   100 | D        | Paralysed by a floating eye for 3 turns
   107 | D        | HP: 1/31 [ufetubus (2)]
   107 | D        | Slain by an ufetubus

Illustrated notes

Levels and vault maps discovered:
D:        pitsprint [storerooms_1, entrance_room_1, metal_vault_3, armoury_3,
          mini_pit_1, grid_room_1, main_hall_1, silver_pit, the_coven_2,
          the_vestibule_1, steel_vault_2, golden_pit, hallway_of_sentries,
          crystal_vault_2, iron_vault_5, final_vault]

Skill      XL: |  1 |
---------------+----+-----
Fighting       | 3 |  3.1
Dodging        | 3 |  3.1
Throwing       | |  0.1
Unarmed Combat | |  3.8

Action                     || total
---------------------------++-------
  Melee: Unarmed           ||    18
 Armour: Animal skin       ||    38
  Dodge: Dodged            ||    18

Table legend: (Time is in decaauts)
 A = Elapsed time spent in this place.
 B = Non-inter-level travel time spent in this place.
 C = Inter-level travel time spent in this place.
 D = Time resting spent in this place.
 E = Time spent auto-exploring this place.
 F = Levels seen in this place.
 G = Mean time per level.
                   A        B        C        D        E       F      G
               +--------+--------+--------+--------+--------+-----+--------+
         Total |    106 |     96 |     10 |      0 |     36 |   1 |  106.0 |
       Dungeon |    106 |     96 |     10 |      0 |     36 |   1 |  106.0 |
               +--------+--------+--------+--------+--------+-----+--------+

Top non-repeatable levels by time:
       D: 106 daAuts
